 Dungeon Crawl Stone Soup version 0.30-a0-591-g3c58d2bc28 (webtiles) character file.

Game seed: 5770034558869017204

233 Adrian566 the Slasher (level 5, 0/41 HPs)
             Began as a Demonspawn Gladiator on Jan 6, 2023.
             Slain by a ball python (1 damage)
             ... on level 4 of the Dungeon.
             The game lasted 00:02:43 (3139 turns).

Adrian566 the Slasher (Demonspawn Gladiator)        Turns: 3139, Time: 00:02:44

Health: 0/41       AC:  6    Str: 14    XL:     5   Next: 74%
Magic:  5/5        EV: 10    Int:  9    God:
Gold:   269        SH:  0    Dex: 17    Spells: 4/4 levels left

rFire   . . .      SeeInvis .    a - +1 long sword (venom)
rCold   . . .      Faith    .    (no shield)
rNeg    . . .      Spirit   .    b - +0 leather armour
rPois   .          Reflect  .    c - +0 helmet
rElec   .          Harm     .    (no cloak)
rCorr   .          Rampage  .    (no gloves)
Will    .....                    (no boots)
Stlth   ++                       (no amulet)
HPRegen 0.26/turn                (no ring)
MPRegen 0.18/turn                (no ring)

@: mighty, constricted
A: icy blue scales 1, powered by death 1, magic regeneration
a: no special abilities


You were on level 4 of the Dungeon.
You visited 1 branch of the dungeon, and saw 4 of its levels.

You collected 269 gold pieces.

Inventory:

Hand Weapons
 a - a +1 long sword of venom (weapon)
Missiles
 d - 3 throwing nets (quivered)
 e - a javelin
Armour
 b - a +0 leather armour (worn)
 c - a +0 helmet (worn)
Jewellery
 j - a +5 ring of evasion
Scrolls
 g - a scroll of magic mapping
 h - 2 scrolls of enchant weapon
 k - a scroll of fog {unknown}
 l - a scroll of amnesia {unknown}
 m - 2 scrolls of vulnerability {unknown}
 n - 2 scrolls of teleportation {unknown}
 o - 3 scrolls of poison {unknown}
 q - 2 scrolls of summoning {unknown}
 s - a scroll of noise {unknown}
 t - a scroll of identify {unknown}
Potions
 f - a potion of flight
 p - a potion of magic


   Skills:
 + Level 3.1 Fighting
 + Level 4.3 Long Blades
 + Level 2.0 Throwing
 + Level 2.0 Armour
 + Level 3.1 Dodging
 + Level 1.0 Stealth


You had 4 spell levels left.
You didn't know any spells.
Your spell library contained the following spells:

 Spells                   Type           Power      Damage    Failure   Level
 Dazzling Flash           Conj/Hex       0%         N/A       83%         3
 Ozocubu's Armour         Ice            0%         N/A       83%         3
 Iskenderun's Mystic Bla  Conj/Tloc      0%         2d3       99%         4
 Metabolic Englaciation   Hex/Ice        0%         N/A       100%        5
 Simulacrum               Ice/Necr       0%         N/A       100%        6
 Starburst                Conj/Fire      0%         6d3       100%        6


Dungeon Overview and Level Annotations

Branches:
Dungeon (4/15)
 Temple: D:4-7

Altars:
Trog

Annotations:
D:4 Sigmund


Innate Abilities, Weirdness & Mutations

You are partially covered in icy blue scales. (AC +2)
You regenerate a little health from kills.
You regenerate magic rapidly.


Message History

You hit Sigmund.
Sigmund is lightly wounded.
The ball python misses you. The ball python grabs you.
The ball python constricts you.
You closely miss the ball python. Sigmund gestures at you while chanting.
The puff of flame hits you!
The ball python bites you but does no damage.
The ball python constricts you.
You are too injured to fight recklessly!
There are monsters nearby!
There are monsters nearby!
You feel very mighty all of a sudden. The ball python bites you.
The ball python constricts you.
Sigmund is suddenly surrounded by pale red light.
Sigmund hits you with a +4 scythe of freezing!
* * * LOW HITPOINT WARNING * * *
Sigmund freezes you.
* * * LOW HITPOINT WARNING * * *
The ball python bites you but does no damage.
The ball python constricts you.
As you read the scroll labelled VEX OJIMESIT, it crumbles to dust.
It is a scroll of enchant weapon.
Your +0 long sword glows red for a moment.
Sigmund barely misses you. The ball python barely misses you.
The ball python constricts you.
Okay, then.
It was a potion of magic.
Magic courses through your body. The ball python barely misses you.
The ball python constricts you.
As you read the scroll labelled NEDAOP XIAGEO, it crumbles to dust.
You feel aware of your surroundings.
It was a scroll of magic mapping.
Sigmund closely misses you. The ball python bites you.
* * * LOW HITPOINT WARNING * * *
The ball python constricts you.
As you read the scroll labelled ONERAU PIAMUSO, it crumbles to dust.
It is a scroll of brand weapon.
Your +1 long sword drips with poison.
a - a +1 long sword of venom (weapon)
The ball python bites you.
You die...

*,,***,*,,** *,,*
*,**..###*
*,,***,**#...!###
***,,,,,,###......#
,,,,,,,,,.........######*
****,,,,,.#.............#
******...............#***
*,......@........+,,*****
**,*#...S@.......#*,,,,,**
*,*#............*####*,,,
*,*###..........*#[.####*
*,* #.....#####*#.#.#.##
*****,* ##.....# #...#..#
*,,,,,** ###...#
###.#...#. *,*,,,,*
#...####.....#... *,**,*,*
#...#....#.#...#) *,**,*,*
#...'.####...#..#


You could see Sigmund and a ball python.

Vanquished Creatures
  An iguana (D:4)
  An orc wizard (D:4)
  4 gnolls (D:3)
  3 adders
  A worm (D:2)
  4 dart slugs
  6 orcs
  9 endoplasms
  6 giant cockroaches
  10 goblins
  13 hobgoblins
  15 kobolds
  5 quokkas
  11 ball pythons
  4 bats
  A frilled lizard (D:3)
  3 rats (D:2)
97 creatures vanquished.

Notes
Turn   | Place    | Note
-------+----------+-------------------------------------------
     0 | D:1      | Adrian566 the Demonspawn Gladiator began the quest for the
                  | Orb.
     0 | D:1      | Reached XP level 1. HP: 16/16 MP: 1/1
   184 | D:1      | Gained mutation: You regenerate a little health from kills.
                  | [demonic ancestry]
   184 | D:1      | Reached XP level 2. HP: 9/22 MP: 2/2
   306 | D:1      | Reached skill level 3 in Long Blades
   673 | D:1      | Gained mutation: You are partially covered in icy blue
                  | scales. (AC +2) [demonic ancestry]
   673 | D:1      | Reached XP level 3. HP: 27/28 MP: 3/3
  1000 | D:2      | Reached skill level 1 in Armour
  1003 | D:2      | Reached XP level 4. HP: 27/34 MP: 4/4
  1258 | D:2      | Found a bloodstained altar of Trog.
  1355 | D:3      | Found a faded altar of an unknown god.
  2012 | D:3      | Gained mutation: You regenerate magic rapidly. [demonic
                  | ancestry]
  2012 | D:3      | Reached XP level 5. HP: 35/41 MP: 5/5
  2325 | D:4      | Reached skill level 4 in Long Blades
  2640 | D:4      | Reached skill level 1 in Stealth
  3126 | D:4      | Noticed Sigmund
  3135 | D:4      | HP: 2/41 [Sigmund/+4 scythe of freezing (3)]
  3139 | D:4      | Slain by a ball python

Illustrated notes

Levels and vault maps discovered:
D:1:      dpeg_arrival_leaves_temple_mockup, layout_basic,
          minmay_worlds_worst_comb
D:2:      layout_rooms, basic_altar, minmay_3d_cube
D:3:      layout_basic, hellmonk_ecumenical_altar_prayer_group, st_stairs_7,
          minmay_misc_feat_enclosed, grunt_ministairs_14,
          chequers_serial_rivers_small_a, chequers_serial_rivers_micro_a
D:4:      minmay_spotlight, layout_basic, serial_forest, infiniplex_forest_pool,
          infiniplex_forest_lined_3, infiniplex_forest_clump_tiny,
          infiniplex_forest_end_1, infiniplex_forest_straight_2,
          infiniplex_forest_lined_2, minmay_parallelograms,
          eino_small_chamber_without_monster, uniq_sigmund

Skill      XL: |  1  2  3  4  5 |
---------------+----------------+-----
Throwing       | 2 |  2.0
Long Blades    | 3 4 |  4.3
Armour         | 1 2 |  2.0
Dodging        | 3 |  3.1
Fighting       | 3 |  3.1
Stealth        | 1 |  1.0

Action                   |  1- 3 |  4- 6 || total
-------------------------+-------+-------++-------
Melee: Long sword        |   141 |   161 ||   302
       Punch             |     1 |     1 ||     2
  Use: Potion            |     1 |     7 ||     8
       Scroll            |       |     3 ||     3
 Stab: Sleeping          |     2 |     2 ||     4
       Invisible         |       |     3 ||     3
Armor: Leather armour    |    57 |    58 ||   115
       Skin              |       |     2 ||     2
Dodge: Dodged            |   105 |   121 ||   226

Table legend: (Time is in decaauts)
 A = Elapsed time spent in this place.
 B = Non-inter-level travel time spent in this place.
 C = Inter-level travel time spent in this place.
 D = Time resting spent in this place.
 E = Time spent auto-exploring this place.
 F = Levels seen in this place.
 G = Mean time per level.
                   A        B        C        D        E       F      G
               +--------+--------+--------+--------+--------+-----+--------+
         Total |   3193 |   3092 |    101 |      0 |   2412 |   4 |  798.2 |
       Dungeon |   3193 |   3092 |    101 |      0 |   2412 |   4 |  798.2 |
               +--------+--------+--------+--------+--------+-----+--------+

Top non-repeatable levels by time:
     D:4: 979 daAuts
     D:1: 856 daAuts
     D:3: 853 daAuts
     D:2: 505 daAuts
